Cogmind - Beta 15 @@@ ROGUE MODE // 2025.05.17 @ 15:47:34 Player: CanadianCogs Result: Destroyed by S-27 Virus with Autogun Performance ------------- Evolutions (4) 2000 Regions Visited (5) 1000 Robots Destroyed (46) 230 Value Destroyed (1148) 1148 Prototype IDs (20) 400 Alien Tech Used (0) 0 Bonus (340) 340 TOTAL SCORE: 5118 Bonus ------- Follower Combat Kills 40 Registered with UFD 300 Cogmind --------- Core Integrity 0/850 Matter 290/300 Energy 95/100 System Corruption 0% Temperature Cool (0) Movement Core (100) Ox1 Location -6/Factory Parts ------- > --- POWER (1) -------- (None) > --- PROPULSION (4) --- (None) > --- UTILITY (7) ------ Rainbow Chip > --- WEAPON (3) ------- Katana Katana > --- INVENTORY (5) ---- Matter Compressor (114) Beam Rifle Botcube Peak State ------------ > --- POWER ------------ Fission Core > --- PROPULSION ------- Spiked Treads Armored Leg Armored Wheel Biomechanical Wings > --- UTILITY ---------- Scrap Suit Seismic Detector Improved Reaction Control System Phase Shifter Makeshift Light Armor Plating Rainbow Chip > --- WEAPON ----------- Katana Katana Katana > --- INVENTORY -------- Matter Compressor Beam Rifle Katana Katana Botcube [Rating: 67] Favorites ----------- Power Ion Engine Engine Ion Engine Power Core Fission Core Propulsion Subdweller Monowheel Treads Spiked Treads Leg Armored Leg Wheel Subdweller Monowheel Flight Unit Biomechanical Wings Utility Seismic Detector Device Seismic Detector Storage Small Storage Unit Processor Rainbow Chip Protection Makeshift Light Armor Plating Weapon Subdweller Laser Energy Gun Subdweller Laser Ballistic Gun Battle Rifle Ballistic Cannon Battle Cannon Launcher Missile Launcher Special Weapon Flamer Slashing Weapon Katana Build | -11 -10 -10 -9 -9 -6 ------- Run | Yrd Mat Sub Rec Scr Fac Slots Evolved 8 | . . . . . 8 Power . | . . . . . . Propulsion 2 | . . . . . 2 Utility 5 | . . . . . 5 Weapon 1 | . . . . . 1 Parts Attached 51 | 7 . 15 . 8 21 Power 8 | 1 . 4 . 1 2 Engine 6 | 1 . 4 . 1 . Core 2 | . . . . . 2 Reactor . | . . . . . . Propulsion 15 | 2 . 4 . 2 7 Treads 1 | . . . . 1 . Leg 2 | . . . . . 2 Wheel 11 | 2 . 4 . 1 4 Hover . | . . . . . . Flight 1 | . . . . . 1 Utility 11 | 2 . 3 . . 6 Device 5 | 1 . 1 . . 3 Storage 1 | 1 . . . . . Processor 1 | . . 1 . . . Hackware . | . . . . . . Protection 4 | . . 1 . . 3 Artifact . | . . . . . . Weapon 17 | 2 . 4 . 5 6 Energy Gun 3 | . . 2 . 1 . Energy Cannon . | . . . . . . Ballistic Gun 4 | 2 . . . 2 . Ballistic Cannon 2 | . . 1 . 1 . Launcher 2 | . . . . 1 1 Special Weapon 1 | . . 1 . . . Impact Weapon . | . . . . . . Slashing Weapon 5 | . . . . . 5 Piercing Weapon . | . . . . . . Special Melee Weapon . | . . . . . . Unidentified Prototypes 1 | . . . . . 1 Parts Lost 21 | . . 2 . . 19 Power 2 | . . 1 . . 1 Propulsion 7 | . . 1 . . 6 Utility 8 | . . . . . 8 Weapon 4 | . . . . . 4 Highest Loss Streak 14 | . . 1 . . 14 To Critical Strikes 1 | . . 1 . . . Average Backups 2 | . . 2 3 2 3 Power . | . . . . . . Propulsion . | . . . . . . Utility 2 | . . 2 3 2 . Weapon . | . . . . . 3 Tool/Special . | . . . . . . Unused Backups 7 | . . 1 . 1 5 Power . | . . . . . . Propulsion . | . . . . . . Utility 2 | . . 1 . . 1 Weapon 5 | . . . . 1 4 Tool/Special . | . . . . . . Average Slot Usage (%) 92 | . 100 89 84 96 75 Engine 11 | . 14 13 10 11 . Treads 4 | . . . . 8 3 Wheel 15 | . 28 20 14 11 9 Device 20 | . 14 18 20 23 17 Storage 2 | . 14 . . . . Processor 8 | . . 7 10 11 6 Energy Gun 9 | . . 17 10 9 1 Ballistic Gun 7 | . 28 1 . 7 1 Ballistic Cannon 5 | . . 7 10 5 . Special Weapon 4 | . . 1 10 5 . Slashing Weapon 1 | . . . . . 13 Peak Build Rating 67 | 7 7 30 27 27 67 Average Rating 25 | 4 6 24 25 26 50 On Entrance 15 | . 7 7 27 25 26 Naked Turns . | . . . . . . Heaviest Build 49 | 13 13 29 16 16 49 Greatest Support 60 | 26 26 60 40 32 42 Greatest Overweight (x) 4 | . . 1 . 1 4 Average Overweight (x) . | . . . . . 1 Largest Inventory Capacity 8 | 8 8 8 5 5 5 Average Capacity 5 | 7 8 5 5 5 5 Most Carried 6 | . 1 6 5 5 5 Average Carried 4 | . . 4 5 4 4 Final Capacity 8 | 8 8 5 5 5 5 Final Carried 5 | . 1 5 5 5 3 Class Distribution -------------------- 30% | Scavenger-Skirmisher 23% | Derelict-Mutant 19% | Mutant 12% | Derelict-Skirmisher 8% | Skirmisher 3% | Scavenger-Mutant Dominant Class ---------------- Mutant | -10/Materials Scavenger-Skirmisher | -10/Subcaves Scavenger-Skirmisher | -9/Recycling Derelict-Mutant | -9/Scraptown Mutant | -6/Factory Resources | -11 -10 -10 -9 -9 -6 ----------- Run | Yrd Mat Sub Rec Scr Fac Matter Collected 1086 | 33 161 432 36 80 344 Remotely . | . . . . . . Salvage Created 1304 | 29 157 306 110 . 702 Parts 83 | 4 11 23 3 . 42 Haulers Intercepted . | . . . . . . Recyclers Shooed 4 | . . . . . 4 Parts Field Recycled . | . . . . . . Retrieved Matter . | . . . . . . Parts Self-Destructed 18 | . . 18 . . . Prevented . | . . . . . . Kills | -11 -10 -10 -9 -9 -6 ------- Run | Yrd Mat Sub Rec Scr Fac Combat Hostiles Destroyed 35 | . 7 10 3 . 15 Melee 9 | . . . . . 9 Guns 20 | . 7 8 2 . 3 Cannons 3 | . . 2 1 . . AOE 3 | . . . . . 3 Classes Destroyed 11 | 1 3 1 1 . 5 Worker 6 | . . . . . 6 Builder 1 | . . . . . 1 Tunneler 2 | 1 . . . . 1 Recycler 1 | . . . . . 1 Watcher 1 | . 1 . . . . Swarmer 18 | . 5 3 1 . 9 Grunt 10 | . 2 4 1 . 3 Brawler 1 | . . . 1 . . Sentry 2 | . . . . . 2 Hunter 1 | . . . . . 1 Subdweller 3 | . . 3 . . . Best Kill Streak 8 | 1 4 2 1 . 8 Combat Bots Only 4 | . 4 2 1 . 4 Max Kills in Single Turn 2 | 1 1 2 1 . 2 Gunslinging . | . . . . . . Exploded 2 | . . . . . 2 Melee 1 | . . . . . 1 Uniques/NPCs Destroyed . | . . . . . . Combat | -11 -10 -10 -9 -9 -6 -------- Run | Yrd Mat Sub Rec Scr Fac Hostile Shots Fired 441 | . 37 49 3 . 352 Missed 140 | . 10 21 1 . 108 Hits 301 | . 27 28 2 . 244 Projectile 301 | . 27 28 2 . 244 Critical Strikes 3 | . . 1 . . 2 Damage Taken 3938 | . 224 422 19 . 3273 Core 983 | . 42 68 12 . 861 Absorbed by Shields . | . . . . . . Regen/Repaired (Parts) 51 | . . . . . 51 Core Remaining (%) 75 | 100 . . . 51 . Volleys Fired 53 | 1 16 22 3 . 11 Largest 3 | 2 2 3 3 . 3 Hottest 193 | 40 40 193 193 . 117 Shots Fired 115 | 2 32 52 7 . 22 Gun 91 | 2 32 40 3 . 14 Cannon 13 | . . 10 3 . . Launcher 8 | . . . . . 8 Special 3 | . . 2 1 . . Kinetic 64 | 2 32 20 3 . 7 Thermal 43 | . . 32 4 . 7 Explosive 8 | . . . . . 8 Electromagnetic . | . . . . . . Robot Hit Streak 13 | 1 4 13 3 . 7 Robot Miss Streak 5 | 1 4 3 1 . 5 Penetration Max . | . . . . . . Secondary Targets 1 | . . . . . 1 Max Gunslinging Chain 1 | . . . . . 1 Shots Hit Robots 97 | 1 16 23 4 . 53 Core Hits 65 | 1 9 13 3 . 39 Critical Kills . | . . . . . . Critical Parts Destroyed . | . . . . . . Critical Strikes 3 | . . . . . 3 Sever 3 | . . . . . 3 Melee Attacks 76 | . . . . . 76 Impact . | . . . . . . Slashing 76 | . . . . . 76 Piercing . | . . . . . . Sneak Attacks 8 | . . . . . 8 Combat Hostiles . | . . . . . . Follow-up Attacks 17 | . . . . . 17 Damage Inflicted 3232 | 10 236 442 68 . 2476 Guns 700 | 10 236 310 40 . 104 Cannons 137 | . . 121 16 . . Explosions 591 | . . . . . 591 Melee 1781 | . . . . . 1781 Ramming . | . . . . . . Kinetic 531 | 10 236 223 16 . 46 Thermal 329 | . . 219 52 . 58 Explosive 591 | . . . . . 591 Electromagnetic . | . . . . . . Impact . | . . . . . . Slashing 1781 | . . . . . 1781 Piercing . | . . . . . . Highest Corruption . | . . . . . . Average Corruption . | . . . . . . Corruption Purged . | . . . . . . Corruption Blocked . | . . . . . . Overload Shots . | . . . . . . Overflow Damage 168 | . . . . . 168 Projectiles . | . . . . . . Explosions 27 | . . . . . 27 Melee 141 | . . . . . 141 Knockbacks . | . . . . . . Impact . | . . . . . . Kinetic . | . . . . . . Secondary . | . . . . . . Self-Inflicted Damage 252 | . . . . . 252 Shots 6 | . . . . . 6 Rammed . | . . . . . . Targets Rammed . | . . . . . . Kicked . | . . . . . . Crushed . | . . . . . . Highest Temperature 265 | . 6 115 112 . 265 Average Temperature 70 | . 5 39 42 . 114 Received Heat Transfer 441 | . 30 66 6 . 339 Effects 3 | . . . . . 3 Interference 3 | . . . . . 3 Siege Activations . | . . . . . . Martial Activations . | . . . . . . Shielding Activations . | . . . . . . Robots Disrupted . | . . . . . . Combat Hostiles . | . . . . . . Robots Corrupted . | . . . . . . Combat Hostiles . | . . . . . . Parts Fried . | . . . . . . Impact Corruptions . | . . . . . . Robots Melted . | . . . . . . Combat Hostiles . | . . . . . . Parts Melted . | . . . . . . Heat Transferred 608 | . . 330 130 . 148 Parts Sabotaged . | . . . . . . Parts Stolen . | . . . . . . Parts Stripped . | . . . . . . Power Chain Reactions . | . . . . . . Alert | -11 -10 -10 -9 -9 -6 ------- Run | Yrd Mat Sub Rec Scr Fac Maximum Alert Level 1 | . . . . . 1 Low Security (%) 98 | 100 100 . 100 . 95 Level 1 1 | . . . . . 4 Level 2 . | . . . . . . Level 3 . | . . . . . . Level 4 . | . . . . . . Level 5 . | . . . . . . High Security . | . . . . . . Max Security . | . . . . . . Peak Influence 214 | 5 95 . 38 . 214 Initial 38 | . . . 38 . . Average 33 | 1 16 . 4 . 104 Influence Increases 1055 | 5 193 235 61 . 561 Destroy 0b10 Robot/C 660 | . 140 140 60 . 320 Destroy 0b10 Robot/NC 55 | 5 5 . . . 45 Destroy Leader 102 | . 12 20 . . 70 Allied During Kill 13 | . . . . . 13 Successful Hack 20 | . 20 . . . . Disable Machine 30 | . . . . . 30 Destroy Structure 40 | . 1 . 1 . 38 Lose Combat Pursuer 135 | . 15 75 . . 45 Influence Decreases 936 | 5 120 227 142 . 442 Entered New Map 79 | . . 36 43 . . Time Decay 617 | 5 120 181 99 . 212 Lost Part 200 | . . 10 . . 190 Lost Ally 40 | . . . . . 40 Squads Dispatched 8 | . 3 . . . 5 Investigation 4 | . 3 . . . 1 Extermination 1 | . . . . . 1 Reinforcement . | . . . . . . Assault . | . . . . . . Garrison 3 | . . . . . 3 Intercept . | . . . . . . Searches Triggered . | . . . . . . Construction Impeded . | . . . . . . Haulers Reinforced . | . . . . . . Active Scanning Responses . | . . . . . . Cargo Convoy Interrupts . | . . . . . . Stealth | -11 -10 -10 -9 -9 -6 --------- Run | Yrd Mat Sub Rec Scr Fac Distress Signals 2 | . . . . . 2 Communications Jammed . | . . . . . . Distress Signals . | . . . . . . Times Spotted 60 | . 12 18 3 . 27 Peak Tracking Total 8 | . 7 3 1 . 8 Tactical Retreats 6 | . 1 4 . . 1 Traps | -11 -10 -10 -9 -9 -6 ------- Run | Yrd Mat Sub Rec Scr Fac Traps Triggered 4 | . 2 1 . . 1 Indirectly . | . . . . . . Trap Hack Attempts . | . . . . . . Triggered . | . . . . . . Disarmed . | . . . . . . Reprogrammed . | . . . . . . Reused . | . . . . . . Traps Extracted . | . . . . . . Installed . | . . . . . . Triggered . | . . . . . . Machines | -11 -10 -10 -9 -9 -6 ---------- Run | Yrd Mat Sub Rec Scr Fac Machines Disabled 3 | . . 1 . . 2 Max in Single Turn 2 | . . 1 . . 2 Machines Repaired . | . . . . . . Machines Dismantled . | . . . . . . Machines Sabotaged . | . . . . . . Overloaded Fab Kills . | . . . . . . Hacking | -11 -10 -10 -9 -9 -6 --------- Run | Yrd Mat Sub Rec Scr Fac Machines Accessed 14 | . 4 1 4 4 1 Terminals 5 | . 4 . 1 . . Fabricators . | . . . . . . Repair Stations . | . . . . . . Recycling Units 1 | . . . 1 . . Scanalyzers . | . . . . . . Garrison Access 1 | . . . . . 1 Total Hacks 66 | . 22 1 27 14 2 Successful 50 | . 8 1 27 14 . Failed 15 | . 13 . . . 2 Catastrophic 2 | . 1 . . . 1 Database Lockouts 1 | . 1 . . . . Manual 21 | . 19 . 2 . . Terminals 23 | . 22 . 1 . . Fabricators . | . . . . . . Repair Stations . | . . . . . . Recycling Units 2 | . . . 2 . . Scanalyzers . | . . . . . . Garrison Access 2 | . . . . . 2 Terminal Hacks 44 | . 5 1 24 14 . Record 30 | . 1 . 24 5 . Robot Analysis 12 | . 4 . . 8 . Proto ID Catalog 2 | . . 1 . 1 . Fabricator Hacks . | . . . . . . Repair Station Hacks . | . . . . . . Recycling Unit Hacks 2 | . . . 2 . . Report Inventory 1 | . . . 1 . . Retrieve Components 1 | . . . 1 . . Scanalyzer . | . . . . . . Garrison Access Hacks . | . . . . . . Unauthorized Hacks 4 | . 3 . 1 . . Terminals 4 | . 3 . 1 . . Botnet 4 | . 3 . 1 . . Fabricators . | . . . . . . Repair Stations . | . . . . . . Recycling Units . | . . . . . . Scanalyzers . | . . . . . . Garrison Access . | . . . . . . Data Cores Recovered . | . . . . . . Used . | . . . . . . Hacking Detections 7 | . 4 . 2 . 1 Full Trace Events 5 | . 4 . . . 1 Feedback Events . | . . . . . . Feedback Blocked . | . . . . . . Robot Schematics Acquired . | . . . . . . Robots Built . | . . . . . . Authchips . | . . . . . . Time . | . . . . . . Total Robot Build Rating . | . . . . . . Part Schematics Acquired . | . . . . . . Parts Built . | . . . . . . Authchips . | . . . . . . Time . | . . . . . . Total Part Build Rating . | . . . . . . Parts Repaired . | . . . . . . Time . | . . . . . . Parts Recycled . | . . . . . . Recycled Matter . | . . . . . . Retrieved Matter . | . . . . . . Retrieved Components 3 | . . . 3 . . Parts Scanalyzed . | . . . . . . Part Schematics Acquired . | . . . . . . Parts Damaged . | . . . . . . Bothacking | -11 -10 -10 -9 -9 -6 ------------ Run | Yrd Mat Sub Rec Scr Fac Used RIF Installer . | . . . . . . Robots Hacked . | . . . . . . Non-combat . | . . . . . . Combat . | . . . . . . Robot Hacks Applied . | . . . . . . Relay Couplers Released . | . . . . . . Fabnet Peak Effective % . | . . . . . . Robots Rewired . | . . . . . . Allies Hacked . | . . . . . . Hacks Repelled . | . . . . . . Allies | -11 -10 -10 -9 -9 -6 -------- Run | Yrd Mat Sub Rec Scr Fac Total Allies 2 | . . . . 1 1 Largest Group 1 | . . . . 1 1 Highest-Rated Group 41 | . . . . 41 41 Highest-Rated Ally 41 | . . . . 41 41 Total Orders . | . . . . . . Ally Attacks 23 | . . . . . 23 Total Damage 326 | . . . . . 326 Kills 1 | . . . . . 1 Allies Corrupted . | . . . . . . Allies Melted . | . . . . . . Intel | -11 -10 -10 -9 -9 -6 ------- Run | Yrd Mat Sub Rec Scr Fac Active Infowar (turns) 5917 | 8 837 1097 875 2969 131 Terrain 5002 | . . 1027 875 2969 131 Seismic 5917 | 8 837 1097 875 2969 131 Robot Analysis Total 12 | . 4 . . 8 . Derelict Logs Recovered 2 | . . . . 2 . Drone Launches . | . . . . . . Drone Recoveries . | . . . . . . Exploration | -11 -10 -10 -9 -9 -6 ------------- Run | Yrd Mat Sub Rec Scr Fac Turns Passed 6421 | 45 837 1130 875 2969 565 Spaces Moved 4217 | 37 320 907 618 2034 301 Core 8 | 3 . . . . 5 Treads 1372 | . . . . 1372 . Legs . | . . . . . . Wheels 2837 | 34 320 907 618 662 296 Hover . | . . . . . . Flight . | . . . . . . Fastest Speed 50 | 50 90 90 110 100 82 Average Speed 123 | 85 90 108 110 142 112 Slowest Speed 160 | 90 90 115 110 160 150 Overloaded Moves . | . . . . . . Propulsion Burnouts . | . . . . . . Robots Hopped . | . . . . . . Potential Cave-ins . | . . . . . . Cave-ins Triggered . | . . . . . . Exploration Rate (%) 48 | 3 62 43 76 95 9 Regions Visited 5 Branch Regions 3 Pre-discovered Areas . | . . . . . . Known Exits Taken . | . . . . . . Unknown Exits Taken 5 | 1 1 1 1 1 . Scrap Searched 10 | . . 4 . 6 . Spaces Dug 1 | . . . . . 1 Terrain Destroyed 40 | . . 1 1 . 38 Melee 1 | . . . . . 1 Projectile 2 | . . 1 1 . . AOE 37 | . . . . . 37 Terrain Rammed . | . . . . . . Walls Destroyed . | . . . . . . Machines Disabled . | . . . . . . Actions | -11 -10 -10 -9 -9 -6 --------- Run | Yrd Mat Sub Rec Scr Fac Total 5230 | 44 835 1005 806 2113 427 Wait 779 | . 496 31 185 56 11 Move 4212 | 36 319 906 617 2033 301 Hop . | . . . . . . Pick Up 34 | . 1 12 . 5 16 Fast Attach 36 | 7 3 8 . 7 11 Attach 13 | . . 5 . . 8 Detach 2 | . . 1 . . 1 Swap 7 | . . 4 . 1 2 Drop 40 | . . 14 1 11 14 Fire 53 | 1 16 22 3 . 11 Melee 52 | . . . . . 52 Ram . | . . . . . . Kick . | . . . . . . Crush . | . . . . . . Escape Stasis . | . . . . . . Rewire . | . . . . . . Trap . | . . . . . . Miscellaneous 2 | . . 2 . . . Route ------- -11/Scrapyard -10/Materials (discovered 4 exits: [*Mat x2] / [*Min] / *Sub) -10/Subcaves (discovered 2 exits: [*Mat] / *Rec) -9/Recycling -9/Scraptown (discovered 2 exits: *Fac x2) -6/Factory History --------- Turn | Location | Event 18 | -11/Scrapyard | Discovered new exit (range 15) 46 | -11/Scrapyard | Entered Materials 159 | -10/Materials | Central database locked down 306 | -10/Materials | Build established: Mutant 696 | -10/Materials | Discovered new exit (range 14) 746 | -10/Materials | Discovered new exit (range 15) 856 | -10/Materials | Discovered new exit (range 8) 878 | -10/Materials | Discovered new exit (range 7) 883 | -10/Materials | Entered Subcaves 922 | -10/Subcaves | Discovered new exit (range 8) 1113 | -10/Subcaves | Visited 4L-MR0's lab 1130 | -10/Subcaves | Found Rainbow Chip 1131 | -10/Subcaves | Attached Rainbow Chip, gained temporary slots: Power, Propulsion, Utility, Weapon 1232 | -10/Subcaves | Shifting Twisted Machinery released Flamer 1399 | -10/Subcaves | A swath of the cavern ceiling suddenly collapsed 1428 | -10/Subcaves | Build established: Scavenger-Skirmisher 1541 | -10/Subcaves | Ambushed by Subdwellers from Twisted Machinery 1834 | -10/Subcaves | Shifting Twisted Machinery released Sub. Monowheel 1849 | -10/Subcaves | Shifting Twisted Machinery released Mak. Light Armor Plating 2000 | -10/Subcaves | Discovered new exit (range 11) 2013 | -10/Subcaves | Entered Recycling 2014 | -9/Recycling | Met a Zionite searching for Scraptown 2838 | -9/Recycling | Scanned before Scraplab entrance 2885 | -9/Recycling | Discovered new exit (range 3) 2888 | -9/Recycling | Entered Scraptown 2897 | -9/Scraptown | Heard Great Nut preacher, LISTEN AND RECITE! 3085 | -9/Scraptown | Visited UFD Registry 3087 | -9/Scraptown | Registered with UFD as "Alphaspawn" 3094 | -9/Scraptown | Visited Red Mages 3157 | -9/Scraptown | Visited TADAMA 3185 | -9/Scraptown | Visited Assassins FH 3219 | -9/Scraptown | Visited The Evicted 3318 | -9/Scraptown | Scanned Subdweller tech in exchange for log data 3321 | -9/Scraptown | Learned Factory terminal intel 3366 | -9/Scraptown | Build established: Skirmisher 3664 | -9/Scraptown | Visited Awakened 3830 | -9/Scraptown | Discovered new exit (range 7) 3894 | -9/Scraptown | Guru changed UFD alias to "Gausskit" 4055 | -9/Scraptown | Visited Symbiants 4099 | -9/Scraptown | Visited Spacefarers 4219 | -9/Scraptown | Build established: Derelict-Skirmisher 4394 | -9/Scraptown | Visited DA-N13 Charitable Foundation 4408 | -9/Scraptown | Found DCF Scrap (29 items) 4474 | -9/Scraptown | Visited Analyses Database 4519 | -9/Scraptown | Visited Junk Repository 4625 | -9/Scraptown | Delivered Scrap Shield to a Scientist 4718 | -9/Scraptown | Build established: Derelict-Mutant 4962 | -9/Scraptown | Visited Science Guys 5040 | -9/Scraptown | Visited Curators Association 5117 | -9/Scraptown | Visited Scrap Suit Storage 5131 | -9/Scraptown | Found Scrap Suit 5295 | -9/Scraptown | Discovered new exit (range 5) 5351 | -9/Scraptown | Visited Junk Repository 5388 | -9/Scraptown | Visited Scrapoid Research Area 5469 | -9/Scraptown | Visited Supply Room 5497 | -9/Scraptown | Visited Botcube Research 5508 | -9/Scraptown | Found Botcube 5669 | -9/Scraptown | Botcube activated 5689 | -9/Scraptown | Botcube completed mutation into hovering form, armed with 1 melee weapon, 1 special weapon. 5857 | -9/Scraptown | Entered Factory 5857 | -6/Factory | Accompanied by 1 ally 5857 | -6/Factory | Evolved 8 slots: Propulsion x2, Utility x5, Weapon x1 5858 | -6/Factory | Loaded intel: 25 terminal locations 6028 | -6/Factory | Found Botcube 6085 | -6/Factory | Lost 4 parts (3u1w) 6304 | -6/Factory | Build established: Mutant 6336 | -6/Factory | Botcube activated 6350 | -6/Factory | Botcube completed mutation into flying form, armed with 2 guns. 6391 | -6/Factory | Found Botcube 6399 | -6/Factory | Core integrity fell below 50% 6412 | -6/Factory | Core integrity fell below 20% 6422 | -6/Factory | Destroyed by S-27 Virus with Autogun Last Messages --------------- 06383_ Mutated Botcube destroyed. 06383_ U-05 Engineer lays Concrete. 06385_ R-10 Processor collects Gauss Rifle. 06389_ Scrap Suit destroyed. 06389_ Wheel destroyed. 06391_ Mak. Light Armor Plating destroyed. 06391_ Acquired Botcube. 06392_ Katana follow-up attack on S-27 Virus. 06394_ Com. Wheel destroyed. 06396_ S-27 Virus destroyed. 06398_ Flexi-carbon Leg destroyed. 06398_ S-27 Virus destroyed. 06400_ Katana destroyed. 06409_ Destroyed VTOL Module. 06411_ Katana follow-up attack on S-27 Virus. 06412_ Katana destroyed. 06413_ R-10 Processor collects Lgt. Nuclear Core. 06416_ R-10 Processor collects VTOL Module. 06419_ S-27 Virus destroyed. 06419_ U-05 Engineer builds a Door. Map ----- +----------------------------------------------------+ | ???????????????????????""???????????????????????# | | ????????????????????????????????????????????????# | | ????????????????????????????????????????????????# | | ????????????????????????????????????????????????# | | ????????????????????????????????????????????????# | | ????????????????????????????????????????????????# | | ????????????????????????????????????????????????# | | ????????????????????????????????????????????????# | | ????????????????????????????#######?????????????# | | ????????????????????????????# #?????????????# | | ????????????????????????????# [#?????????????# | | ????????????????????????????# =*=#?????????????# | | ????????????????????????????# [ #?????????????# | | ???????????????????????????#####""#?????????????## | | ???????????????????????????+ * #??????????????# | | ???????????????????????????#### #??????????????# | | ??????????????????????????????# #??????????????# | | ??????????????????????????????# #??????????????# | | ??????????????????????????????# #?########?????# | | ??????????????????????????????# #?# ####### | | ??????????????????????????????# #?# """ ## | | ??????????????????????????????# #?# "T" ## | | ??????????????????????????????# #?# " " ## """ | | ?????????? #####+########### ### ## """ | | ?????????? s % ## """"## """ | | ?????????? @R % ## """"## """ | | ?????????? =% % % u+ """"## | | ?????????? ^ [ [[ ## """"## """ | | ?????????? ^ s s ##* """"#?? """ | | ??????????? # T############## ## """"#???""" | | ????????????????????????????## ## """"## """ | | ????????????????????????????# # ## | | ????????????????????????????# u # ########## | | ????????????????????????????# "T | | ????????????????????????????+ %"" | | ????????????????????????????# | | ????????????????????????????# ##+########### | | ????????????????????????????# # #??????? | | ????????????????????????????### ### """ #??????? | | ??????????????????????????????# #?# """ #??????? | | ??????????????????????????????+ ??# """ #??????? | | ??????????????????????????????# ???# #??????? | | ??????????????????????????????# ???# "?? #??????? | | ??????????????????????????????# ???# "???#?????? | | ??????????????????????????????? ????# "?????????? | | ??????????????????????????????? ????? ???????????? | | ????????????????????????????????????? ???????????? | | ????????????????????????????????????? ???????????? | | ????????????????????????????????????? ???????????? | | ?????????????????????????????????????????????????? | +----------------------------------------------------+ Best States ------------- Heat Dissipation 37 Energy Generation 20 Energy Capacity 400 Matter Stores 300 Matter Capacity 300 Sight Range 16 Terrain Scan Range 14 Terrain Scan Density 10 Armor Coverage 900 Phase Shifting 5 Evasion (%) 48 Recoil Reduction 1 Item Schematics ----------------- None Robot Schematics ------------------ None Fabricated ------------ Nothing Repaired ---------- Nothing Alien Tech Used ----------------- None Achievements -------------- None Challenges ------------ None Game ------ Seed GuidanceSmartOptics Manual? 0 Play Time 01:15:53 Cumulative 68.3 hours Start 2025.05.17 @ 14:36:39 End 2025.05.17 @ 15:47:34 Sessions 1 Manual Loads 0 Difficulty Rogue Special Mode None Game No. 114 Rogue 114 Adventurer 0 Explorer 0 Win Type - Total 0 Types 0/0/0/0/0/0/0/0/0/0 Lore% 35 Gallery% 38 Achievement% 35 Wizard Run 0 Options --------- Layout 0 ASCII 0 Keyboard 0 Movement Mouse Keybinds 0 Fullscreen 2 Font 18/SmallcapsGlow Map View 38x25 Zoom Use 94% Tactical HUD 1 Map Filters NONE Filters NONE Steam 1 RUN: 179396f6-373f-4a93-a5d4-19cf0802a168